 Dungeon Crawl Stone Soup version 0.19-b1-3-g7dea586 (webtiles) character file.

2146 tv1990 the Cleaver (level 9, -2/57 HPs)
             Began as a Formicid Monk on Oct 28, 2016.
             Was a Priest of Okawaru.
             Slain by a hornet zombie (9 damage)
             ... on level 10 of the Dungeon.
             The game lasted 00:29:46 (7648 turns).

tv1990 the Cleaver (Formicid Monk)                  Turns: 7648, Time: 00:29:46

Health: -2/57      AC: 11    Str: 15 (16) XL:     9   Next: 56%
Magic:  0/16       EV:  9    Int:  6 (10) God:    Okawaru [***...]
Gold:   299        SH:  0    Dex: 16      Spells: 0 memorised, 8 levels left

rFire  . . .     SeeInvis +     i - +0 battleaxe
rCold  . . .     Gourm    .     G - +2 scale mail {rPois}
rNeg   . . .     Faith    .     (no shield)
rPois  +         Spirit   +     (helmet unavailable)
rElec  .         Reflect  .     w - +1 cloak
rCorr  .         Harm     .     h - +0 pair of gloves
MR     .....                    (no boots)
Stlth  ..........               g - amulet of guardian spirit
                                q - ring of flight
                                n - ring of poison resistance

@: very heavily drained
A: permanent stasis, dig shafts and tunnels, four strong arms, antennae 3,
deterioration 2, frail 1, wild magic 2, MP-powered wands
a: Dig, Shaft Self, Heroism, Renounce Religion, Evoke Flight


You were on level 10 of the Dungeon.
You worshipped Okawaru.
Okawaru was most pleased with you.
You were not hungry.

You visited 1 branch of the dungeon, and saw 8 of its levels.

You collected 299 gold pieces.

Inventory:

Hand Weapons
 a - a +1 hand axe
 i - a +0 battleaxe (weapon)
 p - a +0 whip
 B - the +3 dagger of Triumph {holy, Str-4 Dex+5}
   (You found it on level 4 of the Dungeon)

   It has been blessed by the Shining One to cause great damage to the undead
   and demons.
   It affects your strength (-4).
   It affects your dexterity (+5).
Armour
 e - a +0 scale mail of fire resistance
 h - a +0 pair of gloves (worn)
 w - a +1 cloak (worn)
 G - a +2 scale mail of poison resistance (worn)
Jewellery
 g - an amulet of guardian spirit (around neck)
 n - a ring of poison resistance (left hand)
 q - a ring of flight (right hand)
Wands
 o - a wand of confusion (25/48)
Scrolls
 j - 3 scrolls of remove curse
 k - a scroll of amnesia
 m - a scroll of fog
Potions
 z - a potion of flight
Comestibles
 c - 4 bread rations
 d - a beef jerky
 f - 2 meat rations
 l - a chunk of flesh


   Skills:
 - Level 3.2(0.0) Fighting
 * Level 9.3(0.8) Axes
 + Level 2.1(0.0) Armour
 - Level 2.6(0.0) Dodging
 - Level 2.4(0.0) Stealth
 + Level 9.3(0.8) Invocations


You had 8 spell levels left.
You didn't know any spells.

Dungeon Overview and Level Annotations

Branches:
Dungeon (10/15)            Temple (0/1) D:4
   Lair: D:8-11         Orc: D:9-12

Altars:
Fedhas
Hepliaklqana
Kikubaaqudgha
Okawaru
Qazlal
Ru
Sif Muna
Zin
The Shining One

Annotations:
D:5 1 runed door
D:6 Chiseanne's ghost, novice SpAs


Innate Abilities, Weirdness & Mutations

You are under a permanent stasis effect.
You can dig through walls and to a lower floor.
Your four strong arms can wield two-handed weapons with a shield.
You have a pair of large antennae on your head. (SInv)
Your body often deteriorates upon taking damage.
You are frail. (-10% HP)
Your spells are harder to cast, but more powerful.
You expend magic power (3 MP) to strengthen your wands.


Message History

The hornet zombie hits you!
* * * LOW HITPOINT WARNING * * *
The hornet zombie closely misses you.
You feel better.
The hornet zombie hits you but does no damage.
You closely miss the hornet zombie.
The hornet zombie is heavily damaged.
The hornet zombie hits you!
* * * LOW HITPOINT WARNING * * *
Your body deteriorates!
You feel dopey. The hornet zombie closely misses you.
You closely miss the hornet zombie.
The hornet zombie is heavily damaged.
You feel like a meek peon again.
The hornet zombie hits you but does no damage.
The hornet zombie barely misses you.
You slash the hornet zombie!
The hornet zombie is severely damaged.
The hornet zombie hits you!
You die...

#####'#######
............# ##########
....).......# #....$$...
............####...o.....
............##.'.....o...
............'..#{.o.....⌠
............####{{.......
............# #Z######+#⌠
+############ ##@# ###


You could see a hornet zombie.

Vanquished Creatures
  Sigmund (D:2)
  Edmund (D:6)
  An orc warrior (D:6)
  A phantom (D:5)
  A black bear (D:5)
  An ice beast (D:9)
  2 sky beasts
  A centaur (D:5)
  2 bullfrogs (D:5)
  A crimson imp (D:6)
  An iron imp (D:5)
  3 orc wizards
  2 centaur skeletons (D:5)
  5 hounds
  Crazy Yiuf (D:3)
  2 orc priests
  2 gnoll shamans
  An iguana (D:5)
  Ijyb (D:3)
  10 worker ants
  8 adders
  8 gnolls
  2 shadow imps (D:5)
  An ooze (D:4)
  5 worms
  2 dart slugs (D:1)
  4 leopard geckos
  23 orcs
  A ball python (D:3)
  8 bats
  12 giant cockroaches
  9 goblins
  11 hobgoblins
  5 jackals
  3 quokkas
  12 frilled lizards
  3 goblin skeletons (D:5)
  3 hobgoblin zombies (D:5)
  4 kobolds
  2 kobold zombies (D:5)
  2 orc skeletons (D:5)
  An orc zombie (D:5)
  6 rats
  A butterfly (D:5)
176 creatures vanquished.

Notes
Turn   | Place    | Note
-------+----------+-------------------------------------------
     0 | D:1      | tv1990 the Formicid Monk began the quest for the Orb.
     0 | D:1      | Reached XP level 1. HP: 18/18 MP: 1/1
    86 | D:1      | Reached XP level 2. HP: 9/24 MP: 2/2
   502 | D:1      | Reached XP level 3. HP: 19/29 MP: 3/3
  1689 | D:2      | Reached XP level 4. HP: 35/35 MP: 4/4
  1898 | D:2      | Found a hazy altar of Hepliaklqana.
  1905 | D:2      | Noticed Sigmund
  1925 | D:1      | Reached skill level 5 in Axes
  2024 | D:2      | Killed Sigmund
  2024 | D:2      | Reached XP level 5. HP: 10/41 MP: 1/5
  2024 | D:2      | Reached XP level 6. HP: 11/47 MP: 1/6
  2334 | D:2      | Found a glowing silver altar of Zin.
  2334 | D:2      | Found an iron altar of Okawaru.
  2338 | D:2      | Became a worshipper of Warmaster Okawaru
  2338 | D:2      | Reached * piety under Okawaru
  2338 | D:2      | Reached ** piety under Okawaru
  2524 | D:3      | Found a runed door.
  2585 | D:3      | Noticed Ijyb
  2592 | D:3      | Killed Ijyb
  2592 | D:3      | Reached skill level 1 in Invocations
  2604 | D:3      | Found an ancient bone altar of Kikubaaqudgha.
  2660 | D:3      | Found a deep blue altar of Sif Muna.
  3067 | D:3      | Noticed Crazy Yiuf
  3078 | D:3      | Killed Crazy Yiuf
  3271 | D:4      | Reached XP level 7. HP: 45/52 MP: 8/8
  3559 | D:4      | Found an iron altar of Okawaru.
  3703 | D:4      | Found a staircase to the Ecumenical Temple.
  3712 | D:4      | Got a faintly glowing dagger
  3713 | D:4      | Identified the +3 dagger of Triumph {holy, Str-4 Dex+5} (You found it on level 4 of the Dungeon)
  4028 | D:5      | Entered Level 5 of the Dungeon
  4163 | D:5      | Found a glowing golden altar of the Shining One.
  4550 | D:5      | Reached skill level 5 in Invocations
  4645 | D:5      | Reached XP level 8. HP: 57/58 MP: 9/11
  5221 | D:5      | Found a runed door.
  5234 | D:5      | Found a runed door.
  5300 | D:5      | Reached *** piety under Okawaru
  5678 | D:5      | Found a sacrificial altar of Ru.
  6197 | D:6      | Reached XP level 9. HP: 64/64 MP: 15/15
  6255 | D:6      | Gained mutation: You are frail. (-10% HP) [potion of mutation]
  6255 | D:6      | Gained mutation: Your spells are a little harder to cast, but a little more powerful. [potion of mutation]
  6255 | D:6      | Gained mutation: Your body sometimes deteriorates upon taking damage. [potion of mutation]
  6378 | D:6      | Noticed Edmund
  6388 | D:6      | Killed Edmund
  6388 | D:6      | Reached skill level 1 in Armour
  6562 | D:6      | Gained mutation: Your body often deteriorates upon taking damage. [mutagenic meat]
  6564 | D:6      | Gained mutation: You expend magic power (3 MP) to strengthen your wands. [mutagenic meat]
  6565 | D:6      | Gained mutation: You are dopey. (Int -2) [mutagenic meat]
  6566 | D:6      | Lost mutation: You are dopey. (Int -2) [mutagenic meat]
  6567 | D:6      | Gained mutation: Your spells are harder to cast, but more powerful. [mutagenic meat]
  6684 | D:6      | Found a blossoming altar of Fedhas.
  6690 | D:6      | Found a stormy altar of Qazlal.
  6946 | D:6      | Noticed Chiseanne's ghost (novice SpAs)
  6991 | D:6      | You are sucked into a shaft for 3 floors!
  7324 | D:9      | You fall through a shaft!
  7324 | D:10     | Entered Level 10 of the Dungeon
  7648 | D:10     | Slain by a hornet zombie

Skill      XL: |  1  2  3  4  5  6  7  8  9 |
---------------+----------------------------+-----
Axes           | 4 6 7 8 9 |  9.3
Invocations    | 2 5 8 9 |  9.3
Armour         | 2 |  2.1
Fighting       | |  3.2
Dodging        | |  2.6
Stealth        | |  2.4

Action                   |  1- 3 |  4- 6 |  7- 9 || total
-------------------------+-------+-------+-------++-------
Melee: Hand axe          |   144 |   173 |   378 ||   695
       Scythe            |       |       |     3 ||     3
       Battleaxe         |       |       |   186 ||   186
       Punch             |       |       |     1 ||     1
Invok: Heroism           |       |       |    11 ||    11
 Abil: Dig               |       |     1 |    18 ||    19
       Shaft Self        |       |       |     2 ||     2
  Use: Scroll            |     2 |     3 |     6 ||    11
       Potion            |       |     2 |    12 ||    14
 Stab: Sleeping          |     1 |     4 |       ||     5
       Invisible         |       |       |     2 ||     2
       Distracted        |       |       |     1 ||     1
  Eat: Chunk             |     1 |     7 |    24 ||    32
Armor: Robe              |    25 |     6 |       ||    31
       Ring mail         |       |    27 |    22 ||    49
       Scale mail        |       |       |   270 ||   270
Dodge: Dodged            |   103 |    96 |   302 ||   501

Table legend:
 A = Turns spent in this place as a percentage of turns spent in the entire game.
 B = Non-inter-level travel turns spent in this place as a percentage of non-inter-level travel turns spent in the entire game.
 C = Inter-level travel turns spent in this place as a percentage of turns spent in this place.
 D = Turns resting spent in this place as a percentage of non-inter-level travel turns spent in this place.
 E = Turns spent auto-exploring this place as a percentage of non-inter-level travel turns spent in this place.
 F = Non-inter-level travel turns spent in this place divided by the number of levels of this place that you've seen.
                   A       B       C       D       E      F
               +-------+-------+-------+-------+-------+----------------------
         Total | 100.0 | 100.0 |   0.4 |   4.8 |  10.3 | 266.5
       Dungeon | 100.0 | 100.0 |   0.4 |   4.8 |  10.3 | 266.5
               +-------+-------+-------+-------+-------+----------------------

Table legend:
 A = Kills in this place as a percentage of kills in entire the game.
 B = Kills by you in this place as a percentage of kills by you in the entire game.
 C = Kills by friends in this place as a percentage of kills by friends in the entire game.
 D = Other kills in this place as a percentage of other kills in the entire game.
 E = Experience gained in this place as a percentage of experience gained in the entire game.
 F = Experience gained in this place divided by the number of levels of this place that you have seen.
                   A       B       C       D       E      F
               +-------+-------+-------+-------+-------+----------------------
         Total | 100.0 | 100.0 |  -nan |  -nan | 100.0 | 383.2
       Dungeon | 100.0 | 100.0 |  -nan |  -nan | 100.0 | 383.2
               +-------+-------+-------+-------+-------+----------------------

Vault maps used:
D:1:      shiori_arrival_maze
D:2:      gammafunk_temple_overflow_wave, overflow_temple_1_default,
          st_stairs_12, uniq_sigmund
D:3:      kiku_gazebo_pond_becter, lemuel_crystal_altar,
          uniq_crazy_yiuf_cottage, uniq_grinder, uniq_iyjb
D:4:      first_bread, okawaru_metal_pillars_1_2
D:5:      lemuel_insect_pit, lemuel_round_altar, nicolae_tso_besieged_by_evil,
          hangedman_decor_diamond_cutter
D:6:      grunt_temple_overflow_forces_of_nature, uniq_edmund
D:9:      eat_drink_and_be_merry_uskayaw, serial_shops, shop, basic_altar,
          minmay_fire_ice_demons, uniq_psyche
D:10:     serial_shops, nicolae_shop_waterfront, shop, shop,
          nicolae_shop_statue_plus, shop_fountains,
          hangedman_little_slice_of_home, hex_large
